Cogmind - Beta 17 @@@ ROGUE MODE // 2026.07.14 @ 02:48:40 Player: TheSkyeDoctor Result: Destroyed by Y-54 Guardian with Flak Gun Performance ------------- Evolutions (0) 0 Regions Visited (3) 600 Robots Destroyed (33) 165 Value Destroyed (689) 689 Prototype IDs (20) 400 Alien Tech Used (0) 0 Bonus (5738) 5738 TOTAL SCORE: 7592 Bonus ------- Prayed to X0-1V1 5000 Major X0-1V1 Interference 850 Friendly Fire -112 Cogmind --------- Core Integrity 0/150 Matter 675/800 Energy 1272/1280 System Corruption 0% Temperature Cool (33) Movement Flying (272) Ox4 Location -7/Recycling Parts ------- > --- POWER (1) -------- Heavy Ion Engine (fused) > --- PROPULSION (2) --- VTOL Module Surge Thruster (fused) > --- UTILITY (3) ------ Medium Storage Unit Self-contained Transmogrifier X0-1V1's Piety Tracker > --- WEAPON (2) ------- Rocket Array (fused) Remote Datajack (fused) > --- INVENTORY (10) --- Light Treads VTOL Module Medium Matter Pod (34) Scrap Shield Hacking Suite Power Bank Peak State ------------ > --- POWER ------------ Cooled Ion Engine > --- PROPULSION ------- VTOL Module Surge Thruster > --- UTILITY ---------- Medium Storage Unit Self-contained Transmogrifier X0-1V1's Piety Tracker > --- WEAPON ----------- Cooled Particle Cannon Remote Datajack > --- INVENTORY -------- Light Treads VTOL Module VTOL Module Medium Matter Pod Scrap Shield Hacking Suite Power Bank [Rating: 42] Favorites ----------- Power Ion Engine Engine Ion Engine Propulsion Light Treads Treads Light Treads Flight Unit VTOL Module Utility Medium Storage Unit Device X0-1V1's Piety Tracker Storage Medium Storage Unit Protection Medium Armor Plating Weapon Assault Rifle Energy Gun Medium Laser Energy Cannon Cooled Particle Cannon Ballistic Gun Assault Rifle Ballistic Cannon Battle Cannon Launcher Rocket Array Special Weapon Remote Datajack Build | -11 -10 -10 -7 ------- Run | Yrd Mat Sub Rec Slots Evolved . | . . . . Power . | . . . . Propulsion . | . . . . Utility . | . . . . Weapon . | . . . . Parts Attached 24 | 7 6 5 6 Power 4 | 1 2 1 . Engine 4 | 1 2 1 . Core . | . . . . Reactor . | . . . . Propulsion 7 | 2 2 . 3 Treads 4 | 2 2 . . Leg . | . . . . Wheel . | . . . . Hover . | . . . . Flight 3 | . . . 3 Utility 7 | 2 1 2 2 Device 4 | 1 . 1 2 Storage 2 | 1 1 . . Processor . | . . . . Hackware . | . . . . Protection 1 | . . 1 . Artifact . | . . . . Weapon 6 | 2 1 2 1 Energy Gun 2 | 1 . . 1 Energy Cannon . | . . . . Ballistic Gun 3 | 1 1 1 . Ballistic Cannon 1 | . . 1 . Launcher . | . . . . Special Weapon . | . . . . Impact Weapon . | . . . . Slashing Weapon . | . . . . Piercing Weapon . | . . . . Special Melee Weapon . | . . . . Unidentified Prototypes 2 | . . 1 1 Parts Lost 7 | . 3 1 3 Power 1 | . 1 . . Propulsion 2 | . 1 . 1 Utility 2 | . . 1 1 Weapon 2 | . 1 . 1 Highest Loss Streak 3 | . 3 1 3 To Critical Strikes . | . . . . Average Backups 6 | 2 5 9 7 Power . | . . . . Propulsion 2 | . 2 3 3 Utility 2 | . 1 4 4 Weapon . | . . . . Tool/Special . | . . . . Unused Backups 11 | . 2 4 5 Power 1 | . 1 . . Propulsion 2 | . 1 . 1 Utility 5 | . . 1 4 Weapon 3 | . . 3 . Tool/Special . | . . . . Average Slot Usage (%) 99 | . 98 99 98 Engine 13 | . 14 14 12 Treads 14 | . 26 14 . Flight 5 | . . . 24 Device 16 | . 14 14 23 Storage 13 | . 14 14 12 Protection 6 | . . 13 . Energy Gun 1 | . 4 . 2 Ballistic Gun 17 | . 23 18 5 Ballistic Cannon 4 | . . 9 . Special Weapon 1 | . . . 8 Peak Build Rating 42 | 7 10 28 42 Average Rating 20 | 6 7 24 39 On Entrance 8 | . 7 10 15 Avg Prop Armor Cover (%) . | . . . . Naked Turns . | . . . . Heaviest Build 32 | 13 20 32 31 Greatest Support 40 | 40 40 40 20 Greatest Overweight (x) 4 | . . 1 4 Average Overweight (x) . | . . . 3 Largest Inventory Capacity 10 | 8 10 10 10 Average Capacity 9 | 7 9 10 10 Most Carried 10 | 4 10 10 10 Average Carried 7 | 2 5 9 8 Final Capacity 10 | 8 10 10 10 Final Carried 10 | 4 10 10 7 Transmogrified Parts 6 | . . . 6 Integrity Recovered 74 | . . . 74 Class Distribution -------------------- 85% | Mutant 14% | Scavenger-Mutant Dominant Class ---------------- Scavenger-Mutant | -10/Materials Mutant | -10/Subcaves Mutant | -7/Recycling Resources | -11 -10 -10 -7 ----------- Run | Yrd Mat Sub Rec Matter Collected 1492 | 351 395 274 472 Remotely . | . . . . Salvage Created 1028 | 171 590 190 77 Parts 80 | 20 38 13 9 Haulers Intercepted 2 | . 2 . . Recyclers Shooed 2 | 2 . . . Parts Field Recycled . | . . . . Retrieved Matter . | . . . . Parts Self-Destructed 5 | . . 5 . Prevented . | . . . . Parts Restored . | . . . . Kills | -11 -10 -10 -7 ------- Run | Yrd Mat Sub Rec Combat Hostiles Destroyed 18 | . 11 6 1 Guns 17 | . 11 5 1 AOE 1 | . . 1 . Classes Destroyed 11 | 2 6 1 2 Worker 2 | 1 1 . . Builder 1 | . . . 1 Tunneler 7 | 7 . . . Hauler 2 | . 2 . . Operator 1 | . 1 . . Watcher 1 | . 1 . . Swarmer 4 | . 1 3 . Grunt 10 | . 10 . . Sentry 1 | . . . 1 Subdweller 3 | . . 3 . Federalist 1 | . 1 . . Best Kill Streak 3 | 3 2 3 1 Combat Bots Only 3 | . 2 3 1 Max Kills in Single Turn 2 | 1 1 2 1 Gunslinging . | . . . . Exploded 1 | . . 1 . Melee . | . . . . Uniques/NPCs Destroyed . | . . . . Combat | -11 -10 -10 -7 -------- Run | Yrd Mat Sub Rec Hostile Shots Fired 250 | . 78 73 99 Missed 77 | . 18 24 35 Hits 173 | . 60 49 64 Projectile 173 | . 60 49 64 Critical Strikes 3 | . 3 . . Damage Taken 1648 | . 694 528 426 Core 319 | . 118 103 98 Absorbed by Shields . | . . . . Ignored by Resistances 58 | . . 21 37 Core Remaining (%) 100 | 100 . . . Volleys Fired 109 | 27 58 13 11 Largest 2 | 2 2 2 1 Hottest 70 | 70 70 61 45 Shots Fired 203 | 52 114 26 11 Gun 193 | 52 114 22 5 Cannon 6 | . . 4 2 Launcher 4 | . . . 4 Special . | . . . . Kinetic 144 | 27 86 26 5 Thermal 55 | 25 28 . 2 Explosive 4 | . . . 4 Electromagnetic . | . . . . Robot Hit Streak 10 | 7 10 5 10 Robot Miss Streak 4 | 4 3 2 1 Penetration Max . | . . . . Secondary Targets 2 | . 1 1 . Max Gunslinging Chain 1 | . 1 1 . Shots Hit Robots 129 | 32 76 10 11 Core Hits 59 | 9 29 8 13 Critical Kills . | . . . . Critical Parts Destroyed 3 | 2 1 . . Critical Strikes 5 | 3 2 . . Burn 2 | 1 1 . . Destroy 3 | 2 1 . . Melee Attacks . | . . . . Impact . | . . . . Slashing . | . . . . Piercing . | . . . . Sneak Attacks . | . . . . Combat Hostiles . | . . . . Follow-up Attacks . | . . . . Damage Inflicted 1852 | 420 996 149 287 Guns 1632 | 415 996 149 72 Cannons 53 | . . . 53 Explosions 162 | . . . 162 Melee . | . . . . Ramming 5 | 5 . . . Kinetic 1246 | 241 784 149 72 Thermal 439 | 174 212 . 53 Explosive 162 | . . . 162 Electromagnetic . | . . . . Impact . | . . . . Slashing . | . . . . Piercing . | . . . . Highest Corruption . | . . . . Average Corruption . | . . . . Corruption Purged . | . . . . Corruption Blocked . | . . . . Overload Shots . | . . . . Overflow Damage . | . . . . Projectiles . | . . . . Explosions . | . . . . Melee . | . . . . Knockbacks . | . . . . Impact . | . . . . Kinetic . | . . . . Secondary . | . . . . Self-Inflicted Damage . | . . . . Shots . | . . . . Rammed 1 | 1 . . . Targets Rammed 1 | 1 . . . Kicked . | . . . . Crushed . | . . . . Highest Temperature 152 | 61 152 . 33 Average Temperature 40 | 20 58 . 17 Received Heat Transfer 660 | . 390 138 132 Siege Activations . | . . . . Martial Activations . | . . . . Shielding Activations . | . . . . Robots Disrupted . | . . . . Combat Hostiles . | . . . . Robots Corrupted . | . . . . Combat Hostiles . | . . . . Parts Fried . | . . . . Impact Corruptions . | . . . . Robots Melted . | . . . . Combat Hostiles . | . . . . Parts Melted 1 | . 1 . . Heat Transferred 1369 | 592 703 . 74 Parts Sabotaged . | . . . . Parts Stolen . | . . . . Parts Stripped . | . . . . Power Chain Reactions . | . . . . Alert | -11 -10 -10 -7 ------- Run | Yrd Mat Sub Rec Maximum Alert Level . | . . . . Low Security (%) 100 | 100 100 . 100 Level 1 . | . . . . Level 2 . | . . . . Level 3 . | . . . . Level 4 . | . . . . Level 5 . | . . . . High Security . | . . . . Max Security . | . . . . Peak Influence 85 | 10 85 . 64 Initial . | . . . . Average 16 | . 34 . 1 Influence Increases 515 | 40 331 60 84 Destroy 0b10 Robot/C 300 | . 220 60 20 Destroy 0b10 Robot/NC 70 | 40 25 . 5 Destroy Leader 56 | . 56 . . Disable Machine 45 | . 15 . 30 Destroy Structure 29 | . . . 29 Lose Combat Pursuer 15 | . 15 . . Influence Decreases 469 | 40 328 63 38 Entered New Map 3 | . . 3 . Time Decay 426 | 40 298 60 28 Lost Part 40 | . 30 . 10 Squads Dispatched 3 | . 3 . . Investigation 2 | . 2 . . Extermination . | . . . . Reinforcement 1 | . 1 . . Assault . | . . . . Garrison . | . . . . Intercept . | . . . . Searches Triggered . | . . . . Construction Impeded . | . . . . Haulers Reinforced . | . . . . Active Scanning Responses . | . . . . Cargo Convoy Interrupts . | . . . . Stealth | -11 -10 -10 -7 --------- Run | Yrd Mat Sub Rec Distress Signals 2 | . 2 . . Communications Jammed . | . . . . Distress Signals . | . . . . Times Spotted 30 | . 15 12 3 Peak Tracking Total 6 | . 3 6 1 Tactical Retreats 1 | . 1 . . Traps | -11 -10 -10 -7 ------- Run | Yrd Mat Sub Rec Traps Triggered 2 | . 1 1 . Indirectly . | . . . . Trap Hack Attempts . | . . . . Triggered . | . . . . Disarmed . | . . . . Reprogrammed . | . . . . Reused . | . . . . Traps Extracted . | . . . . Installed . | . . . . Triggered . | . . . . Machines | -11 -10 -10 -7 ---------- Run | Yrd Mat Sub Rec Machines Disabled 4 | . 1 1 2 Max in Single Turn 2 | . 1 1 2 Machines Repaired . | . . . . Machines Dismantled . | . . . . Machines Sabotaged . | . . . . Overloaded Fab Kills . | . . . . Hacking | -11 -10 -10 -7 --------- Run | Yrd Mat Sub Rec Machines Accessed 1 | . . 1 . Terminals . | . . . . Fabricators . | . . . . Repair Stations . | . . . . Recycling Units . | . . . . Scanalyzers . | . . . . Garrison Access . | . . . . Total Hacks 1 | . . 1 . Successful 1 | . . 1 . Failed . | . . . . Catastrophic . | . . . . Database Lockouts . | . . . . Manual 1 | . 1 . . Terminals . | . . . . Fabricators . | . . . . Repair Stations . | . . . . Recycling Units . | . . . . Scanalyzers . | . . . . Garrison Access . | . . . . Terminal Hacks 1 | . . 1 . Proto ID Catalog 1 | . . 1 . Fabricator Hacks . | . . . . Repair Station Hacks . | . . . . Recycling Unit Hacks . | . . . . Scanalyzer . | . . . . Garrison Access Hacks . | . . . . Unauthorized Hacks . | . . . . Terminals . | . . . . Fabricators . | . . . . Repair Stations . | . . . . Recycling Units . | . . . . Scanalyzers . | . . . . Garrison Access . | . . . . Data Cores Recovered 1 | . 1 . . Used . | . . . . Hacking Detections . | . . . . Full Trace Events . | . . . . Feedback Events . | . . . . Feedback Blocked . | . . . . Robot Schematics Acquired . | . . . . Robots Built . | . . . . Authchips . | . . . . Time . | . . . . Total Robot Build Rating . | . . . . Part Schematics Acquired . | . . . . Parts Built . | . . . . Authchips . | . . . . Time . | . . . . Total Part Build Rating . | . . . . Part Studies Acquired . | . . . . Parts Repaired . | . . . . Time . | . . . . Parts Recycled . | . . . . Recycled Matter . | . . . . Retrieved Matter . | . . . . Retrieved Components . | . . . . Parts Scanalyzed . | . . . . Part Schematics Acquired . | . . . . Parts Damaged . | . . . . Bothacking | -11 -10 -10 -7 ------------ Run | Yrd Mat Sub Rec Used RIF Installer . | . . . . Robots Hacked . | . . . . Non-combat . | . . . . Combat . | . . . . Robot Hacks Applied . | . . . . Relay Couplers Released . | . . . . Fabnet Peak Effective % . | . . . . Robots Rewired . | . . . . Allies Hacked . | . . . . Hacks Repelled . | . . . . Allies | -11 -10 -10 -7 -------- Run | Yrd Mat Sub Rec Total Allies . | . . . . Largest Group . | . . . . Highest-Rated Group . | . . . . Highest-Rated Ally . | . . . . Total Orders . | . . . . Ally Attacks . | . . . . Total Damage . | . . . . Kills . | . . . . Allies Corrupted . | . . . . Allies Melted . | . . . . X0-1V1 Amusement Gains 26 | . 10 10 6 Good Acts 10 | . . 9 1 Bad Acts 4 | . . 4 . Intel | -11 -10 -10 -7 ------- Run | Yrd Mat Sub Rec Active Infowar (turns) 966 | 148 818 . . Seismic 966 | 148 818 . . Robot Analysis Total . | . . . . Derelict Logs Recovered . | . . . . Drone Launches . | . . . . Drone Recoveries . | . . . . Exploration | -11 -10 -10 -7 ------------- Run | Yrd Mat Sub Rec Turns Passed 3153 | 427 818 1306 602 Spaces Moved 1317 | 209 357 520 231 Core 1 | 1 . . . Treads 1087 | 208 357 520 2 Legs . | . . . . Wheels . | . . . . Hover . | . . . . Flight 229 | . . . 229 Fastest Speed 50 | 50 160 160 192 Average Speed 206 | 159 160 238 246 Slowest Speed 272 | 160 160 240 272 Overloaded Moves . | . . . . Propulsion Burnouts . | . . . . Robots Hopped . | . . . . Potential Cave-ins . | . . . . Cave-ins Triggered . | . . . . Exploration Rate (%) 37 | 10 59 36 43 Regions Visited 3 Branch Regions 2 Pre-discovered Areas . | . . . . Known Exits Taken . | . . . . Unknown Exits Taken 3 | 1 1 1 . Scrap Searched 2 | . . 2 . Spaces Dug . | . . . . Terrain Destroyed 44 | . . . 44 Melee . | . . . . Projectile . | . . . . AOE 44 | . . . 44 Terrain Rammed . | . . . . Walls Destroyed . | . . . . Machines Disabled . | . . . . Actions | -11 -10 -10 -7 --------- Run | Yrd Mat Sub Rec Total 1548 | 247 490 561 250 Wait 65 | . 55 10 . Move 1314 | 208 356 519 231 Hop . | . . . . Pick Up 20 | 4 10 6 . Fast Attach 11 | 7 1 1 2 Attach 6 | . 2 1 3 Detach . | . . . . Swap 7 | . 3 3 1 Drop 13 | . 5 8 . Fire 109 | 27 58 13 11 Melee . | . . . . Ram . | . . . . Kick . | . . . . Crush 1 | 1 . . . Escape Stasis . | . . . . Rewire 2 | . . . 2 Trap . | . . . . Miscellaneous . | . . . . Route ------- -11/Scrapyard -10/Materials (discovered 4 exits: [*Mat] / [*Min x2] / *Sub) -10/Subcaves -7/Recycling (discovered 1 exit: [*Fac]) History --------- Turn | Location | Event 26 | -11/Scrapyard | Discovered new exit (range 16) 428 | -11/Scrapyard | Entered Materials 429 | -10/Materials | Build established: Mutant 429 | -10/Materials | Met a group of wandering Federalists 521 | -10/Materials | Lost 5 allies 701 | -10/Materials | Lost 3 parts (1p1n1w) 813 | -10/Materials | Discovered new exit (range 16) 981 | -10/Materials | Discovered new exit (range 16) 1065 | -10/Materials | Build established: Scavenger-Mutant 1186 | -10/Materials | Discovered new exit (range 11) 1238 | -10/Materials | Discovered new exit (range 5) 1244 | -10/Materials | Prayed at D.C.S.S. Altar Unit 1246 | -10/Materials | Entered Subcaves 1249 | -10/Subcaves | A swath of the cavern ceiling suddenly collapsed 1258 | -10/Subcaves | X0-1V1 mutated your Propulsion slot to Utility slot 1368 | -10/Subcaves | Shifting Twisted Machinery released Barrage Gun 1396 | -10/Subcaves | Shifting Twisted Machinery released Scrap Shield 1453 | -10/Subcaves | Core integrity fell below 50% 1532 | -10/Subcaves | Build established: Mutant 1560 | -10/Subcaves | TH resistance permanently improved by X0-1V1 (+10%; -100 max core) 1589 | -10/Subcaves | X0-1V1 sent hostile S-10 Pest (x3) 1729 | -10/Subcaves | Visited 4L-MR0's lab 1761 | -10/Subcaves | Found Prototype Device 1767 | -10/Subcaves | Found Power Bank 2520 | -10/Subcaves | Core integrity restored by X0-1V1 (+31) 2530 | -10/Subcaves | X0-1V1 activates XOMVISION 2537 | -10/Subcaves | Discovered new exit (range 7) 2537 | -10/Subcaves | X0-1V1 sent you into danger 2552 | -10/Subcaves | Entered Recycling 2555 | -7/Recycling | Propulsion slot count permanently improved by X0-1V1 (+1) 2560 | -7/Recycling | Identified Sfc. Transmogrifier 2611 | -7/Recycling | Lost 3 parts (2u1w) 2913 | -7/Recycling | Core integrity fell below 20% 2918 | -7/Recycling | X0-1V1 rescued you from certain death 3040 | -7/Recycling | Discovered new exit (range 18) 3154 | -7/Recycling | Destroyed by Y-54 Guardian with Flak Gun Last Messages --------------- 03012_ Sfc. Transmogrifier converts Remote Datajack into Rocket Array. 03019_ Sfc. Transmogrifier converts Cld. Ion Engine into Hvy. Ion Engine. 03040_ EXIT=FOUND 03100_ Sight range returns to normal. 03141_ Holding Depot disabled. 03142_ Y-54 Guardian springs to life. 03147_ U-05 Engineer lays Concrete. 03149_ The unstable cave ceiling collapses. 03149_ U-05 Engineer lays Concrete. 03150_ The unstable cave ceiling collapses. 03150_ U-05 Engineer lays Concrete. 03151_ The unstable cave ceiling collapses. 03151_ VTOL Module destroyed. 03152_ U-05 Engineer lays Concrete. 03153_ The unstable cave ceiling collapses. 03153_ U-05 Engineer lays Concrete. 03154_ U-05 Engineer builds a Wall. 03154_ X0-1V1 howls with laughter! Map ----- +----------------------------------------------------+ | ?????????????????????????????????????? | | ?????????????????????????????????????? | | ?????????????????????????????????????? | | ?????????????????????????????????????? | | ?????????????????????????????????????? | | ?????????????????????????????????????? | | ?????????????????????????????????????? | | ???????????#####????????#####????????? | | ??????##???#"""#????????#[[[#????????? | | ?????## ####"Y"##########[[[########## | | ?????# | | ?????# ####### | | ?????# #?????? | | ?????# #????## | | ?????# | | ?????# #?# | | ?????# ################ #### #?# | | ?????# #????????#+#??? #?# | | ?????# #?????????????? ? | | ?????# #??????????????? ### | | ?????# #??????????????? #?? | | ?????# #???????????????? #?? | | ?????# #???????????????? #?? | | ?????# """" #?????????????????"?? | | ?????# """" #?????????????????Y?? | | ?????# """" @ #???????????????????? | | ????## """" #####+#?????????????? | | ????# """" #?????????????? | | ????# ##### #?????????????? | | ??### #???? #?????????????? | | ??# """" u#???? #?????????????? | | ??# """" #???? #?????????????? | | ??# """" ###/#########?????? | | ??# """ #?????? | | ??# """ Y #?????? | | ??# #?????? | | ??# #?????? | | ??# "" " # #?????? | | ??# "" +?????? | | ??# """" # #?????? | | ??# """ # #?????? | | ??# """" + #?????? | | ### # #?????? | | # # #?????? | | # """" + #?????? | | # """" #### ##########?????? | | ### """" ###??????????????? | | ### """" T #????????????????? | | #// """" ### #????????????????? | | #// #??# ##????????????????? | +----------------------------------------------------+ Best States ------------- Heat Dissipation 25 Energy Generation 14 Energy Capacity 1280 Matter Stores 800 Matter Capacity 800 Sight Range 18 Terrain Scan Density 10 Armor Coverage 225 Resistance: TH 10 Evasion (%) 40 Recoil Reduction 2 Item Schematics ----------------- None Robot Schematics ------------------ None Fabricated ------------ Nothing Repaired ---------- Nothing Studied --------- None Alien Tech Used ----------------- None Achievements -------------- None Challenges ------------ None Game ------ Seed ZipTransportMembrane Manual? 0 Play Time 00:13:36 Cumulative 122.3 hours Start 2026.07.14 @ 02:36:31 End 2026.07.14 @ 02:48:40 Sessions 1 Manual Loads 0 Difficulty Rogue Special Mode None Game No. 258 Rogue 258 Adventurer 0 Explorer 0 Win Type - Total 0 Types 0/0/0/0/0/0/0/0/0/0 Lore% 52 Gallery% 52 Achievement% 41 Wizard Run 0 Options --------- Layout 2 ASCII 0 Keyboard 1 Movement Arrows Keybinds 0 Fullscreen 1 Font 24/Smallcaps Map View 50x44 Zoom Use 0% Tactical HUD 1 Map Filters NONE Filters NONE Steam 1 RUN: b776e55f-7936-474b-93ca-46caa7dcf3d6